AoeStats
← Viejo inimputable

Arabia

505798665Analyzed
2v2 RM · 20d ago on Sep 11, 2026· 34m 40s· 4 players
Game mode
Random Map
Map size
Medium (4 player)
Population
200
Speed
Normal
Resources
Standard
Victory
Conquest
Starting age
Dark Age
Ending age
Imperial Age
RankedLock teamsTeams togetherTeam positionsShared explorationLock speedFull tech treeHidden civsTurbo modeCheats
Victory
Defeat
🇦🇷 Magyars · Argentina
1080
+9
🇦🇷 Spanish · Argentina
712
+22
🇲🇽 Bohemians · Mexico
894
-16
🇲🇽 Italians · Mexico
878
-15
Mark0
6:13 Loom
11:45 Feudal Age
12:41 Double-Bit Axe
12:41 Horse Collar
18:10 Wheelbarrow
18:24 Town Watch
26:26 Castle Age
26:28 Scale Mail Armor
26:41 Forging
27:37 Fletching
30:05 Murder Holes
30:47 Bow Saw
31:29 Bodkin Arrow
PigNoise
1:40 Loom
14:16 Feudal Age
19:42 Town Watch
26:59 Wheelbarrow
26:28 Arson
Policarpo6012
9:38 Feudal Age
7:55 Loom
13:53 Double-Bit Axe
15:24 Horse Collar
16:54 Bloodlines
17:25 Forging
17:30 Town Watch
22:38 Castle Age
23:25 Gold Mining
23:46 Bow Saw
24:25 Wheelbarrow
24:37 Husbandry
24:52 Padded Archer Armor
25:09 Heavy Plow
25:50 Leather Archer Armor
28:02 Fletching
29:31 Hand Cart
29:08 Stone Mining
30:41 Iron Casting
30:03 Bodkin Arrow
30:34 Ballistics
30:19 Town Patrol
32:48 Murder Holes
Viejo inimputable
10:58 Feudal Age
9:53 Loom
11:42 Double-Bit Axe
12:56 Horse Collar
17:33 Wheelbarrow
22:03 Castle Age
20:18 Scale Barding Armor
20:48 Gold Mining
21:14 Bloodlines
23:14 Bow Saw
23:32 Chain Barding Armor
25:12 Gold Shaft Mining
29:47 Hand Cart
31:50 Town Watch
33:46 Husbandry
34:59 Town Patrol
Connection lost

Rejoining the realm…

Still unreachable

The connection could not be restored.

Session expired

The server has moved on; the page needs a fresh start.